 Dungeon Sprint DCSS version 0.27-a0-1113-gb2b6fe9c5e (webtiles) character file.

Game seed: 6712132198707134346

135 Conn the Firebug (level 5, 0/48 HPs)
             Began as an Octopode Fire Elementalist on May 1, 2021.
             Slain by a wyvern (18 damage)
             ... in the Dungeon (Sprint II: "The Violet Keep of Menkaure").
             The game lasted 00:01:09 (10 turns).

Conn the Firebug (Octopode Fire Elementalist)         Turns: 10, Time: 00:01:09

Health: 0/48       AC:  1    Str:  7    XL:     5   Next: 18%
Magic:  3/11       EV: 13    Int: 18    God:
Gold:   0          SH:  0    Dex: 13    Spells: 12/13 levels left

rFire    . . .     SeeInvis .   (no weapon)
rCold    . . .     Faith    .   (no shield)
rNeg     . . .     Spirit   .   (helmet restricted)
rPois    .         Reflect  .   (no amulet)
rElec    .         Harm     .   (no ring)
rCorr    .         Rampage  .   (no ring)
Will     .....     NoTele   +   (no ring)
Stlth    ..........             (no ring)
HPRegen  0.16/turn              (no ring)
MPRegen  0.12/turn              (no ring)
                                (no ring)
                                (no ring)

@: berserking, hasted, very quick
A: almost no armour, amphibious, 8 rings, camouflage 1, gelatinous body 1,
(nimble swimmer 1), tentacles
a: no special abilities


You were in the Dungeon.
You visited 1 branch

Inventory:

Scrolls
 g - a scroll of blinking
Potions
 b - a potion of curing
 c - a potion of heal wounds
 e - 2 potions of magic


   Skills:
 + Level 0.4 Fighting
 + Level 3.0 Dodging
 + Level 3.8 Stealth
 * Level 4.5 Spellcasting
 * Level 3.5 Conjurations
 * Level 7.9 Fire Magic


You had 12 spell levels left.
You knew the following spells:

 Your Spells              Type           Power      Damage    Failure   Level
a - Foxfire               Conj/Fire      96%        2x1d8     1%          1

Your spell library contained the following spells:

 Spells                   Type           Power      Damage    Failure   Level
 Conjure Flame            Conj/Fire      24%        6-21      4%          3
 Inner Flame              Hex/Fire       18%        N/A       9%          3
 Sticky Flame             Conj/Fire      24%        2d5       13%         4
 Fireball                 Conj/Fire      12%        3d7       36%         5


Dungeon Overview and Level Annotations

Branches:
Dungeon (1/1)

Altars:


Innate Abilities, Weirdness & Mutations

You cannot wear most types of armour.
You are amphibious.
You can wear up to eight rings at the same time.
Your skin changes colour to match your surroundings (Stealth+).
Your rubbery body absorbs attacks. (AC +1, EV +1)
((You are camouflaged near water. (Stealth+)))
You have tentacles for arms and can constrict up to eight enemies at once.


Message History

Confirm with . or Enter, or press ? or * to list all spells.
Okay, then.
You feel yourself speed up.
The wyvern hisses angrily.
A red film seems to cover your vision as you go berserk!
You feel yourself moving faster!
You feel mighty!
The wyvern hisses menacingly.
The wyvern misses you.
You tentacle-slap the wyvern.
The wyvern is lightly wounded.
The wyvern barely misses you.
You bludgeon the wyvern! You squeeze the wyvern!
The wyvern is severely wounded.
The wyvern barely misses you.
You barely miss the wyvern. You squeeze the wyvern.
The wyvern is almost dead.
The wyvern bites you.
You tentacle-slap the wyvern.
You kill the wyvern!
Your Dodging skill increases to level 3!
Your Stealth skill increases to level 3!
Your Spellcasting skill gained 2 levels and is now at level 4!
Your Conjurations skill gained 2 levels and is now at level 3!
Your Fire Magic skill gained 4 levels and is now at level 7!
You have reached level 2!
You have reached level 3!
Your experience leads to an increase in your attributes!
Increase (S)trength, (I)ntelligence, or (D)exterity?
You feel clever.
You have reached level 4!
You have reached level 5!
You feel agile.
You closely miss the wyvern. The wyvern barely misses you.
You bludgeon the wyvern! You squeeze the wyvern.
The wyvern is moderately wounded.
The wyvern bites you!!
You tentacle-slap the wyvern.
The wyvern is heavily wounded.
The wyvern bites you!!
You die...

# #.
#+#
#.##.##
#l@<.+
#.##.##
#. #+#
#


You could see a wyvern.

Vanquished Creatures
  A wyvern (D)
1 creature vanquished.

Notes
Turn   | Place    | Note
-------+----------+-------------------------------------------
     0 | D        | Conn the Octopode Fire Elementalist began the quest for the
                  | Orb.
     0 | D        | Reached XP level 1. HP: 11/11 MP: 3/3
     1 | D        | Noticed a wyvern
     1 | D        | Noticed a wyvern
     7 | D        | Killed a wyvern
     8 | D        | Reached skill level 7 in Fire Magic
     8 | D        | Reached XP level 2. HP: 18/18 MP: 3/7
     8 | D        | Reached XP level 3. HP: 22/22 MP: 3/9
     8 | D        | Reached XP level 4. HP: 27/27 MP: 3/10
     8 | D        | Reached XP level 5. HP: 32/32 MP: 3/11
    10 | D        | Slain by a wyvern

Illustrated notes

Levels and vault maps discovered:
D:        the_violet_keep_of_menkaure [sprint2_stairs_cluster_1,
          sprint2_shoproom, sprint2_temple, sprint2_basic_supplies,
          sprint2_obstacle_7, sprint2_obstacle_3, sprint2_obstacle_5,
          sprint2_obstacle_6, sprint2_obstacle_2, sprint2_timed_cluster_1,
          sprint2_smallroom_cluster_1, sprint2_smallroom_final_cluster_1,
          sprint2_transparent_cluster_1, sprint2_second_timed_cluster_1,
          sprint2_sniper_area_1, sprint2_heavy_combat_area_1,
          sprint2_mutation_trap_area_1, sprint2_forest_area_1,
          sprint2_light_combat_area_1, sprint2_behind_water_1,
          sprint2_near_end_vault_1]

Skill      XL: |  1 |
---------------+----+-----
Dodging        | 3 |  3.0
Stealth        | 3 |  3.8
Spellcasting   | 4 |  4.5
Conjurations   | 3 |  3.5
Fire Magic     | 7 |  7.9
Fighting       | |  0.4

Action                   |  1- 3 |  4- 6 || total
-------------------------+-------+-------++-------
Melee: Unarmed           |     4 |     3 ||     7
       Tentacles         |     2 |     1 ||     3
  Use: Potion            |     2 |       ||     2
Dodge: Dodged            |     3 |     1 ||     4

Table legend: (Time is in decaauts)
 A = Elapsed time spent in this place.
 B = Non-inter-level travel time spent in this place.
 C = Inter-level travel time spent in this place.
 D = Time resting spent in this place.
 E = Time spent auto-exploring this place.
 F = Levels seen in this place.
 G = Mean time per level.
                   A        B        C        D        E       F      G
               +--------+--------+--------+--------+--------+-----+--------+
         Total |      7 |      7 |      0 |      0 |      0 |   1 |    7.0 |
       Dungeon |      7 |      7 |      0 |      0 |      0 |   1 |    7.0 |
               +--------+--------+--------+--------+--------+-----+--------+

Top non-repeatable levels by time:
       D: 7 daAuts
